AoeStats
← Mhafiki

Highland

506780543Analyzed
3v3 RM · 16d ago on Sep 15, 2026· 109m 17s· 6 players
Game mode
Random Map
Map size
Normal (6 player)
Population
200
Speed
Normal
Resources
Standard
Victory
Conquest
Starting age
Dark Age
Ending age
Imperial Age
RankedLock teamsTeams togetherTeam positionsShared explorationLock speedFull tech treeHidden civsTurbo modeCheats
Victory
Defeat
🇺🇸 Chinese · United States
1189
+14
🇺🇸 Dravidians · United States
1056
+21
🇺🇸 Saracens · United States
1044
+20
🇺🇸 Slavs · United States
1156
-19
🇺🇸 Wu · United States
1136
-18
🇺🇸 Bengalis · United States
1130
-18
DVaso
10:57 Feudal Age
10:38 Loom
11:41 Double-Bit Axe
11:37 Horse Collar
15:50 Castle Age
14:33 Gold Mining
15:41 Fletching
23:22 Wheelbarrow
22:36 Town Watch
28:12 Imperial Age
27:13 Bow Saw
27:17 Bodkin Arrow
27:22 Padded Archer Armor
28:27 Thumb Ring
29:59 Two-Man Saw
29:00 Heavy Plow
30:48 Bracer
31:23 Leather Archer Armor
31:53 Ballistics
34:28 Ring Archer Armor
35:11 Chemistry
34:00 Elite Elephant Archer
35:24 Medical Corps
39:46 Masonry
40:50 Siege Elephant
41:38 Scale Barding Armor
41:43 Forging
41:35 Husbandry
44:26 Conscription
44:45 Hoardings
46:03 Stone Mining
46:29 Hand Cart
46:14 Town Patrol
46:38 Chain Barding Armor
46:54 Iron Casting
46:17 Murder Holes
46:32 Fortified Wall
50:51 Blast Furnace
50:23 Caravan
54:38 Elite Urumi Swordsman
55:19 Scale Mail Armor
55:21 Squires
55:08 Arson
60:25 Chain Mail Armor
62:35 Wootz Steel
65:14 Devotion
71:46 Plate Mail Armor
78:52 Light Cavalry
86:49 Heavy Scorpion
88:07 Elite Skirmisher
93:38 Clinker Construction
93:39 Careening
93:49 Shipwright
93:35 Siphons
94:48 Medium Warships
98:26 Heavy Warships
97:23 Demolition Ship
98:39 Elite Cannon Galleon
98:41 Heavy Demolition Ship
Triqem
7:57 Loom
11:06 Feudal Age
15:58 Castle Age
15:06 Double-Bit Axe
15:04 Horse Collar
16:23 Bloodlines
23:02 Bow Saw
23:36 Light Cavalry
25:08 Scale Barding Armor
26:42 Husbandry
28:46 Wheelbarrow
28:27 Forging
32:54 Imperial Age
31:34 Chain Barding Armor
31:27 Town Watch
32:23 Iron Casting
32:31 Heavy Plow
32:27 Gold Mining
33:17 Elite Mameluke
34:19 Hussar
36:57 Blast Furnace
37:06 Conscription
37:40 Hand Cart
40:55 Plate Barding Armor
43:50 Town Patrol
44:07 Counterweights
44:57 Stone Mining
45:44 Gold Shaft Mining
46:39 Padded Archer Armor
46:30 Fletching
47:45 Chemistry
47:07 Ballistics
49:29 Leather Archer Armor
49:09 Bodkin Arrow
49:58 Caravan
53:25 Ring Archer Armor
52:56 Bracer
62:45 Two-Man Saw
75:25 Coinage
77:47 Banking
77:30 Siege Engineers
77:37 Masonry
77:09 Treadmill Crane
78:50 Elite Skirmisher
79:43 Thumb Ring
80:47 Demolition Ship
91:59 Crossbowman
93:16 Arbalester
Mhafiki
10:22 Feudal Age
12:04 Double-Bit Axe
18:51 Castle Age
16:37 Loom
19:47 Bow Saw
21:24 Horse Collar
22:11 Gold Mining
24:06 Heavy Plow
25:52 Stone Mining
27:43 Scale Mail Armor
28:58 Gold Shaft Mining
29:00 Stone Shaft Mining
30:50 Fletching
32:33 Forging
33:07 Wheelbarrow
35:17 Imperial Age
33:37 Bodkin Arrow
33:42 Padded Archer Armor
35:23 Capped Ram
36:14 Siege Ram
38:35 Hand Cart
37:49 Elite Chu Ko Nu
38:31 Padded Archer Armor
39:41 Heavy Rocket Cart
41:07 Rocketry
41:08 Conscription
49:00 Bracer
51:44 Leather Archer Armor
50:56 Pikeman
52:51 Caravan
53:45 Iron Casting
53:25 Chain Mail Armor
55:38 Chemistry
54:05 Halberdier
54:47 Squires
57:42 Plate Mail Armor
58:13 Blast Furnace
69:04 Ring Archer Armor
69:55 Ballistics
69:47 Masonry
69:59 Arson
70:35 Thumb Ring
69:51 Elite Skirmisher
73:21 Architecture
75:17 Coinage
77:38 Banking
93:44 Demolition Ship
94:37 Heavy Demolition Ship
104:39 Two-Man Saw
Alexander The Average
5:02 Loom
12:08 Feudal Age
15:13 Double-Bit Axe
15:09 Horse Collar
21:33 Castle Age
20:55 Wheelbarrow
20:55 Town Watch
24:20 Gold Mining
24:33 Heavy Plow
24:44 Bow Saw
25:37 Hand Cart
26:31 Scale Barding Armor
28:32 Gold Shaft Mining
33:16 Imperial Age
33:28 Imperial Age
31:25 Bloodlines
31:16 Husbandry
31:25 Scale Barding Armor
31:30 Forging
31:36 Scale Mail Armor
31:57 Scale Barding Armor
32:20 Bloodlines
32:10 Husbandry
31:35 Man-at-Arms
32:20 Squires
33:24 Iron Casting
33:23 Chain Barding Armor
33:35 Cavalier
34:38 Fortified Wall
35:40 Plate Barding Armor
36:11 Caravan
37:44 Blast Furnace
36:08 Light Cavalry
42:22 Hussar
47:47 Crop Rotation
49:29 Detinets
49:51 Conscription
50:45 Elite Boyar
57:00 Hoardings
57:30 Hoardings
56:23 Long Swordsman
58:07 Two-Man Saw
56:31 Pikeman
57:04 Two-Handed Swordsman
58:59 Druzhina
61:01 Masonry
61:12 Ballistics
61:52 Chemistry
60:46 Fletching
61:12 Chain Mail Armor
60:21 Champion
60:48 Halberdier
72:33 Coinage
75:28 Banking
90:20 Plate Mail Armor
90:41 Bodkin Arrow
90:47 Padded Archer Armor
93:02 Champion
101:04 Heavy Scorpion
01jnalley
9:34 Loom
11:41 Feudal Age
17:53 Horse Collar
18:00 Double-Bit Axe
20:28 Castle Age
21:52 Padded Archer Armor
21:42 Fletching
23:15 Leather Archer Armor
24:57 Gold Mining
26:41 Bow Saw
28:49 Heavy Plow
30:06 Gold Shaft Mining
31:59 Bodkin Arrow
35:12 Ballistics
37:47 Imperial Age
38:02 Elite Elephant Archer
39:40 Ring Archer Armor
39:11 Bracer
42:53 Chemistry
42:02 Caravan
45:16 Crop Rotation
45:47 Two-Man Saw
53:43 Bloodlines
53:34 Husbandry
59:27 Elite Skirmisher
62:22 Conscription
62:16 Paiks
65:14 Mahayana
RustBuckets
5:20 Loom
13:00 Feudal Age
14:43 Double-Bit Axe
17:27 Castle Age
15:37 Stone Mining
15:40 Fletching
16:36 Town Watch
17:54 Fishing Lines
18:24 Bodkin Arrow
19:44 Horse Collar
21:47 Bow Saw
21:58 Pikeman
23:22 Scale Barding Armor
23:30 Bloodlines
24:07 Forging
24:22 Chain Barding Armor
26:38 Husbandry
27:15 Forging
27:11 Heavy Plow
27:48 Wheelbarrow
29:19 Gold Mining
32:43 Imperial Age
30:52 Treadmill Crane
31:33 Ballistics
31:25 Masonry
32:12 Iron Casting
31:17 Demolition Ship
32:54 Hand Cart
32:44 Scale Mail Armor
33:13 Red Cliffs Tactics
34:33 Conscription
35:18 Two-Man Saw
35:39 Chemistry
36:14 Heavy Demolition Ship
37:04 Squires
37:12 Bracer
38:21 Halberdier
39:01 Murder Holes
39:48 Chain Mail Armor
41:07 Blast Furnace
41:08 Plate Mail Armor
44:04 Plate Barding Armor
43:02 Heavy Hei Guang Cavalry
44:25 Architecture
44:21 Town Patrol
44:38 Clinker Construction
48:46 Sitting Tiger
50:30 Arson
51:57 Gold Shaft Mining
51:55 Carvel Hull
57:19 Caravan
60:24 Caravan
63:13 Elite Fire Archer
63:57 Padded Archer Armor
68:22 Leather Archer Armor
72:57 Coinage
76:12 Banking
Connection lost

Rejoining the realm…

Still unreachable

The connection could not be restored.

Session expired

The server has moved on; the page needs a fresh start.